Cogmind - Beta 15 @@@ ROGUE MODE // 2025.07.28 @ 19:17:54 Player: f3-rnm Result: Core destroyed Performance ------------- Evolutions (3) 1500 Regions Visited (9) 1800 Robots Destroyed (119) 595 Value Destroyed (4371) 4371 Prototype IDs (6) 120 Alien Tech Used (0) 0 Bonus (1232) 1232 TOTAL SCORE: 9618 Bonus ------- High Alert Combat Kills 443 Follower Combat Kills 189 Entered Garrisons 600 Cogmind --------- Core Integrity 0/700 Matter 105/300 Energy 85/150 System Corruption 1% Temperature Critical (500) Movement Core (1000) Ox19 Location -7/Garrison Parts ------- > --- POWER (1) -------- Micro Nuclear Core > --- PROPULSION (5) --- (None) > --- UTILITY (5) ------ High-capacity Storage Unit Launcher Guidance Computer > --- WEAPON (2) ------- Heavy Phase Cannon Autogun > --- INVENTORY (20) --- Light Nuclear Core Light Nuclear Core Light Nuclear Core Carbon-fiber Leg Improved Heat Sink Improved Launcher Guidance Computer Lightning Gun Assault Rifle Autogun Guided EMP Blaster Heavy Shock Bomb Launcher Heavy Shock Bomb Launcher Peak State ------------ > --- POWER ------------ Light Nuclear Core > --- PROPULSION ------- Armored Wheel VTOL Module VTOL Module VTOL Module > --- UTILITY ---------- Improved Heat Sink High-capacity Storage Unit Improved Targeting Computer Launcher Guidance Computer Transmission Jammer > --- WEAPON ----------- Guided EMP Blaster > --- INVENTORY -------- Light Nuclear Core Light Nuclear Core Light Nuclear Core Micro Nuclear Core Carbon-fiber Leg Improved Heat Sink Lightning Gun Cooled Plasma Cannon Assault Rifle Autogun Autogun Autogun [Rating: 40] Favorites ----------- Power Light Nuclear Core Engine Improved Ion Engine Power Core Light Nuclear Core Propulsion Light Treads Treads Light Treads Wheel Wheel Hover Unit Airjet Flight Unit VTOL Module Utility Improved Heat Sink Device Improved Heat Sink Storage Huge Storage Unit Processor Launcher Guidance Computer Hackware Hacking Suite Protection Improved Light Armor Plating Weapon Gatling Laser Energy Gun Gatling Laser Energy Cannon Cooled Plasma Cannon Ballistic Gun Assault Rifle Launcher Grenade Launcher Impact Weapon Hammer Slashing Weapon Chainsword Build | -11 -10 -9 -8 -8 -8 -8 -8 -7 -7 ------- Run | Yrd Mat Mat Mat Gar Mat Sto Gar Fac Gar Slots Evolved 6 | . . 2 2 . . . . 2 . Power . | . . . . . . . . . . Propulsion 3 | . . 1 1 . . . . 1 . Utility 3 | . . 1 1 . . . . 1 . Weapon . | . . . . . . . . . . Parts Attached 94 | 6 1 7 27 16 2 5 7 6 17 Power 12 | 1 . 2 3 3 1 . . . 2 Engine 5 | 1 . 2 1 . 1 . . . . Core 7 | . . . 2 3 . . . . 2 Reactor . | . . . . . . . . . . Propulsion 27 | 2 . 1 9 4 . 2 2 . 7 Treads 14 | 2 . . 6 4 . 1 . . 1 Leg . | . . . . . . . . . . Wheel 6 | . . 1 3 . . 1 . . 1 Hover 2 | . . . . . . . 2 . . Flight 5 | . . . . . . . . . 5 Utility 23 | 1 1 2 7 5 . . 1 5 1 Device 8 | . . . 1 4 . . . 3 . Storage 4 | 1 1 . 1 . . . . . 1 Processor 4 | . . . 2 . . . . 2 . Hackware 1 | . . . . 1 . . . . . Protection 6 | . . 2 3 . . . 1 . . Artifact . | . . . . . . . . . . Weapon 32 | 2 . 2 8 4 1 3 4 1 7 Energy Gun 7 | . . . 1 4 . . 1 . 1 Energy Cannon 9 | . . . 1 . . 1 3 1 3 Ballistic Gun 12 | 2 . 1 5 . . 1 . . 3 Ballistic Cannon . | . . . . . . . . . . Launcher 2 | . . 1 . . . 1 . . . Special Weapon . | . . . . . . . . . . Impact Weapon 1 | . . . 1 . . . . . . Slashing Weapon 1 | . . . . . 1 . . . . Piercing Weapon . | . . . . . . . . . . Special Melee Weapon . | . . . . . . . . . . Unidentified Prototypes 6 | . . . 2 . 1 3 . . . Corrupted Parts 1 | . . . . . . . . . 1 System Corruption 1 | . . . . . . . . . 1 Parts Lost 45 | . . 2 11 7 . . 5 . 20 Power 4 | . . . 2 . . . . . 2 Propulsion 24 | . . 1 5 5 . . 3 . 10 Utility 10 | . . . 4 1 . . 1 . 4 Weapon 7 | . . 1 . 1 . . 1 . 4 Highest Loss Streak 11 | . . 1 3 2 . . 5 . 11 To Critical Strikes . | . . . . . . . . . . Average Backups 17 | 1 7 10 17 22 24 24 21 2 9 Power 3 | . 2 3 2 4 2 2 2 . 2 Propulsion 2 | . 1 . 2 4 5 4 3 . . Utility 5 | . 1 3 6 7 9 9 7 . 1 Weapon 5 | . 1 2 6 6 8 8 7 1 4 Tool/Special . | . . . . . . . . . . Unused Backups 36 | . . . 13 . 2 1 12 . 8 Power 8 | . . . 2 . 1 . 2 . 3 Propulsion 5 | . . . . . 1 1 2 . 1 Utility 9 | . . . 2 . . . 6 . 1 Weapon 13 | . . . 9 . . . 1 . 3 Tool/Special 1 | . . . . . . . 1 . . Average Slot Usage (%) 89 | . 86 76 88 94 100 99 93 70 76 Engine 4 | . 14 11 5 . 6 9 8 . . Core 4 | . . . 3 9 2 . . 4 6 Treads 21 | . 28 22 21 24 27 27 24 7 . Wheel 6 | . . 3 8 6 9 9 9 7 4 Flight 1 | . . . . . . . . . 15 Device 12 | . . . . 21 18 18 18 21 14 Storage 8 | . 15 11 9 9 9 9 8 . 4 Processor 3 | . . . 5 . . . . 10 14 Hackware 2 | . . . . 3 9 9 3 . . Protection 5 | . . 6 17 2 . . 4 . . Energy Gun 6 | . . . . 12 15 12 14 . . Energy Cannon 1 | . . . . . . . . 9 5 Ballistic Gun 7 | . 28 18 15 . . . . . 5 Impact Weapon 1 | . . . . 4 2 . . . . Peak Build Rating 40 | 6 7 10 30 32 33 37 36 33 40 Average Rating 24 | 4 6 8 19 29 32 32 29 27 31 On Entrance 19 | . 6 7 10 30 29 33 33 14 33 Naked Turns . | . . . . . . . . . . Heaviest Build 101 | 12 32 35 97 98 98 98 101 20 60 Greatest Support 80 | 40 40 40 80 60 10 12 60 12 20 Greatest Overweight (x) 9 | . . . 9 9 9 9 8 1 6 Average Overweight (x) 4 | . . . 3 7 9 8 2 . 3 Largest Inventory Capacity 25 | 8 15 15 25 25 25 25 25 5 20 Average Capacity 20 | 6 13 15 19 25 25 25 22 5 15 Most Carried 25 | 2 10 12 25 25 25 25 25 5 18 Average Carried 17 | 1 7 10 17 22 24 24 22 3 10 Final Capacity 25 | 8 15 15 25 25 25 25 5 5 20 Final Carried 25 | 2 10 11 22 25 25 25 5 5 13 Class Distribution -------------------- 76% | Scavenger-Mutant 23% | Mutant Dominant Class ---------------- Mutant | -10/Materials Mutant | -9/Materials Scavenger-Mutant | -8/Materials Scavenger-Mutant | -8/Garrison Scavenger-Mutant | -8/Materials Scavenger-Mutant | -8/Storage Scavenger-Mutant | -8/Garrison Scavenger-Mutant | -7/Factory Scavenger-Mutant | -7/Garrison Resources | -11 -10 -9 -8 -8 -8 -8 -8 -7 -7 ----------- Run | Yrd Mat Mat Mat Gar Mat Sto Gar Fac Gar Matter Collected 2699 | 165 161 149 1035 588 . 38 300 . 263 Remotely . | . . . . . . . . . . Salvage Created 4102 | . 210 313 1103 1227 121 112 188 . 828 Parts 218 | . 10 27 55 52 13 13 12 . 36 Haulers Intercepted 1 | . . . 1 . . . . . . Recyclers Shooed 2 | . . . 2 . . . . . . Parts Field Recycled . | . . . . . . . . . . Retrieved Matter . | . . . . . . . . . . Parts Self-Destructed . | . . . . . . . . . . Prevented . | . . . . . . . . . . Kills | -11 -10 -9 -8 -8 -8 -8 -8 -7 -7 ------- Run | Yrd Mat Mat Mat Gar Mat Sto Gar Fac Gar Combat Hostiles Destroyed 106 | . 5 11 21 35 3 4 9 . 18 Guns 82 | . 5 5 20 33 3 1 8 . 7 Cannons 9 | . . . 1 . . . . . 8 AOE 13 | . . 6 . . . 3 1 . 3 Classes Destroyed 15 | . 2 4 4 4 . . 1 . . Builder 3 | . . 1 2 . . . . . . Hauler 1 | . . . 1 . . . . . . Recycler 4 | . . . 3 . 1 . . . . Operator 2 | . 1 . . . . 1 . . . Watcher 2 | . . . . 1 . 1 . . . Swarmer 46 | . . 3 5 12 3 4 7 . 12 Grunt 32 | . 5 5 7 12 . . . . 3 Brawler 1 | . . . 1 . . . . . . Duelist 2 | . . 1 . 1 . . . . . Protector 1 | . . . . 1 . . . . . Sentry 18 | . . 2 7 8 . . . . 1 Demolisher 1 | . . . . 1 . . . . . Specialist 2 | . . . . 1 . . . . 1 Hunter 2 | . . . 1 . . . . . 1 Programmer 2 | . . . . . . . 2 . . Best Kill Streak 7 | . 2 7 4 6 4 5 5 . 4 Combat Bots Only 6 | . 2 6 3 6 3 4 5 . 4 Max Kills in Single Turn 3 | . 1 2 1 2 1 3 2 . 3 Gunslinging 1 | . . . . 1 . . 1 . . Exploded 3 | . . 2 . . . 2 1 . 3 Melee . | . . . . . . . . . . Uniques/NPCs Destroyed . | . . . . . . . . . . Combat | -11 -10 -9 -8 -8 -8 -8 -8 -7 -7 -------- Run | Yrd Mat Mat Mat Gar Mat Sto Gar Fac Gar Hostile Shots Fired 636 | . 22 47 117 128 11 32 79 . 200 Missed 176 | . 4 13 28 34 5 10 24 . 58 Hits 460 | . 18 34 89 94 6 22 55 . 142 Melee 6 | . . . 6 . . . . . . Projectile 454 | . 18 34 83 94 6 22 55 . 142 AOE 3 | . . . . 3 . . . . . Critical Strikes 18 | . . 2 8 3 . . 1 . 4 Damage Taken 6760 | . 239 519 1344 1480 40 181 634 . 2323 Core 1346 | . 48 103 133 226 7 17 108 . 704 Absorbed by Shields . | . . . . . . . . . . Redirected to Shielding 28 | . . 11 17 . . . . . . Core Remaining (%) 66 | 100 80 74 . . . . 10 . . Volleys Fired 317 | . 16 33 100 62 4 4 14 2 82 Largest 2 | . 2 2 2 2 2 1 2 1 2 Hottest 160 | . 40 40 63 160 160 80 160 35 113 Shots Fired 520 | . 32 51 155 127 8 4 25 2 116 Gun 437 | . 32 39 150 127 8 1 22 . 58 Cannon 64 | . . . 5 . . . . 2 57 Launcher 19 | . . 12 . . . 3 3 . 1 Special . | . . . . . . . . . . Kinetic 267 | . 32 39 150 . . . . . 46 Thermal 215 | . . . . 127 8 1 22 2 55 Explosive 12 | . . 12 . . . . . . . Electromagnetic 26 | . . . 5 . . 3 3 . 15 Robot Hit Streak 34 | . 5 15 22 15 6 1 8 . 34 Robot Miss Streak 5 | . 2 3 4 5 2 2 5 . 3 Penetration Max . | . . . . . . . . . . Secondary Targets 11 | . . . . 6 1 . 3 . 1 Max Gunslinging Chain 1 | . . . . 1 1 . 1 . 1 Shots Hit Robots 382 | . 22 33 109 104 6 2 19 . 87 Core Hits 221 | . 10 21 49 83 5 6 14 . 33 Critical Kills 1 | . . . . . . . . . 1 Critical Parts Destroyed 2 | . . 1 1 . . . . . . Critical Strikes 4 | . . 1 2 . . . . . 1 Meltdown 1 | . . . . . . . . . 1 Destroy 1 | . . 1 . . . . . . . Corrupt 1 | . . . 1 . . . . . . Smash 1 | . . . 1 . . . . . . Melee Attacks 42 | . . . 5 35 . 2 . . . Impact 40 | . . . 5 35 . . . . . Slashing 2 | . . . . . . 2 . . . Piercing . | . . . . . . . . . . Sneak Attacks 2 | . . . 2 . . . . . . Combat Hostiles . | . . . . . . . . . . Follow-up Attacks . | . . . . . . . . . . Damage Inflicted 8725 | . 271 915 2014 2369 123 217 534 . 2282 Guns 6042 | . 271 362 1732 2369 123 12 433 . 740 Cannons 1592 | . . . 132 . . . . . 1460 Explosions 945 | . . 553 36 . . 176 98 . 82 Melee 143 | . . . 114 . . 29 . . . Ramming 3 | . . . . . . . 3 . . Kinetic 2951 | . 271 362 1732 . . . . . 586 Thermal 4469 | . . . 36 2369 123 66 433 . 1442 Explosive 553 | . . 553 . . . . . . . Electromagnetic 606 | . . . 132 . . 122 98 . 254 Impact 114 | . . . 114 . . . . . . Slashing 29 | . . . . . . 29 . . . Piercing . | . . . . . . . . . . Highest Corruption 12 | . . . 8 8 8 10 12 . 1 Average Corruption 7 | . . . 7 8 8 8 10 . 1 Corruption Purged . | . . . . . . . . . . Corruption Blocked . | . . . . . . . . . . Effects 121 | . . . 18 78 3 12 9 . 1 Message Errors 30 | . . . 4 19 1 3 3 . . Matter Fused 24 | . . . 1 21 . 1 1 . . Heat Flow Errors 11 | . . . 2 6 1 . 2 . . Energy Discharges 16 | . . . 1 12 . 2 1 . . Parts Rejected 3 | . . . 1 . . 2 . . . Parts Fused 2 | . . . 1 . . 1 . . . Data Loss (minor) 12 | . . . 2 7 1 1 . . 1 Data Loss (major) 10 | . . . 2 5 . 1 2 . . Misfires 7 | . . . 2 5 . . . . . Alerts 2 | . . . . 1 . 1 . . . Weapon Failures 4 | . . . 2 2 . . . . . Overload Shots 2 | . . . . . . . . . 2 Overflow Damage 111 | . . 17 65 . . 1 . . 28 Projectiles 28 | . . . . . . . . . 28 Explosions 18 | . . 17 . . . 1 . . . Melee 65 | . . . 65 . . . . . . Knockbacks 1 | . . . 1 . . . . . . Impact 1 | . . . 1 . . . . . . Kinetic . | . . . . . . . . . . Secondary . | . . . . . . . . . . Self-Inflicted Damage 48 | . . 42 . . . . 6 . . Shots 3 | . . 2 . . . . 1 . . Rammed 1 | . . . . . . . 1 . . Targets Rammed 1 | . . . . . . . 1 . . Kicked . | . . . . . . . . . . Crushed . | . . . . . . . . . . Highest Temperature 534 | . 8 20 222 246 119 . 217 . 534 Average Temperature 58 | . 2 4 38 71 63 . 85 . 82 Received Heat Transfer 2164 | . 132 198 495 567 . . 99 . 673 Effects 2 | . . . . . . . . . 2 Shutdowns 1 | . . . . . . . . . 1 Damage (core) 1 | . . . . . . . . . 1 Siege Activations . | . . . . . . . . . . Martial Activations . | . . . . . . . . . . Shielding Activations . | . . . . . . . . . . Robots Disrupted . | . . . . . . . . . . Combat Hostiles . | . . . . . . . . . . Robots Corrupted 1 | . . . 1 . . . . . . Combat Hostiles . | . . . . . . . . . . Parts Fried 4 | . . . 2 . . 1 . . 1 Impact Corruptions 3 | . . . 3 . . . . . . Robots Melted 4 | . . . . 2 . . . . 2 Combat Hostiles 2 | . . . . 2 . . . . . Parts Melted 24 | . . . . 13 . . 2 . 9 Heat Transferred 7998 | . . . . 4879 275 125 855 . 1864 Parts Sabotaged . | . . . . . . . . . . Parts Stolen . | . . . . . . . . . . Parts Stripped . | . . . . . . . . . . Power Chain Reactions 2 | . . . 1 . . 1 . . . Alert | -11 -10 -9 -8 -8 -8 -8 -8 -7 -7 ------- Run | Yrd Mat Mat Mat Gar Mat Sto Gar Fac Gar Maximum Alert Level 4 | . . . . 4 3 1 1 . 2 Low Security (%) 51 | 100 100 100 100 2 . 64 46 100 27 Level 1 19 | . . . . 24 . 35 53 . 61 Level 2 7 | . . . . 16 . . . . 11 Level 3 12 | . . . . 30 100 . . . . Level 4 9 | . . . . 25 . . . . . Level 5 . | . . . . . . . . . . High Security . | . . . . . . . . . . Max Security . | . . . . . . . . . . Peak Influence 1598 | . 55 192 193 1598 823 349 313 158 445 Initial 778 | . . 12 72 120 778 343 78 158 51 Average 377 | . 15 104 46 814 788 198 176 109 265 Influence Increases 3830 | . 140 349 659 1668 75 133 274 16 516 Destroy 0b10 Robot/C 2240 | . 100 220 420 820 60 80 180 . 360 Destroy 0b10 Robot/NC 75 | . 5 5 30 10 5 10 . . 10 Destroy Leader 274 | . 20 50 112 20 10 12 20 . 30 Allied During Kill 71 | . . . . 71 . . . . . Successful Hack 65 | . . . 11 . . 12 14 14 14 Disable Machine 75 | . . . 15 30 . 15 . . 15 Anti-Garrison Action 650 | . . . . 600 . . . . 50 Destroy Structure 110 | . . 29 11 27 . 4 . 2 37 Partial Spotted 15 | . 15 . . . . . . . . Lose Combat Pursuer 255 | . . 45 60 90 . . 60 . . Influence Decreases 3463 | . 110 206 647 255 860 826 92 244 223 Entered New Map 1683 | . . 18 101 65 820 470 42 144 23 Time Decay 1070 | . 110 168 446 . 40 206 . 100 . Lost Part 440 | . . 20 100 70 . . 50 . 200 Lost Ally 120 | . . . . 120 . . . . . Purge Threat 150 | . . . . . . 150 . . . Squads Dispatched 4 | . 1 . 2 . . 1 . . . Investigation . | . . . . . . . . . . Extermination . | . . . . . . . . . . Reinforcement 3 | . 1 . 1 . . 1 . . . Assault . | . . . . . . . . . . Garrison 1 | . . . 1 . . . . . . Intercept . | . . . . . . . . . . Searches Triggered . | . . . . . . . . . . Construction Impeded . | . . . . . . . . . . Haulers Reinforced . | . . . . . . . . . . Active Scanning Responses . | . . . . . . . . . . Cargo Convoy Interrupts . | . . . . . . . . . . Stealth | -11 -10 -9 -8 -8 -8 -8 -8 -7 -7 --------- Run | Yrd Mat Mat Mat Gar Mat Sto Gar Fac Gar Distress Signals 9 | . 1 1 5 1 . . . . 1 Communications Jammed . | . . . . . . . . . . Distress Signals . | . . . . . . . . . . Times Spotted 149 | . 7 15 36 47 3 8 14 . 19 Peak Tracking Total 7 | . 3 6 5 7 3 5 6 . 5 Tactical Retreats 12 | . . 3 3 4 . . 2 . . Traps | -11 -10 -9 -8 -8 -8 -8 -8 -7 -7 ------- Run | Yrd Mat Mat Mat Gar Mat Sto Gar Fac Gar Traps Triggered 10 | . . 1 1 5 . 1 . . 2 Indirectly . | . . . . . . . . . . Trap Hack Attempts . | . . . . . . . . . . Triggered . | . . . . . . . . . . Disarmed . | . . . . . . . . . . Reprogrammed . | . . . . . . . . . . Reused . | . . . . . . . . . . Traps Extracted . | . . . . . . . . . . Installed . | . . . . . . . . . . Triggered . | . . . . . . . . . . Machines | -11 -10 -9 -8 -8 -8 -8 -8 -7 -7 ---------- Run | Yrd Mat Mat Mat Gar Mat Sto Gar Fac Gar Machines Disabled 9 | . . . 1 5 . 1 . . 2 Max in Single Turn 1 | . . . 1 1 . 1 . . 1 Garrison Relay 4 | . . . . 3 . . . . 1 Machines Repaired . | . . . . . . . . . . Machines Dismantled . | . . . . . . . . . . Machines Sabotaged . | . . . . . . . . . . Overloaded Fab Kills . | . . . . . . . . . . Hacking | -11 -10 -9 -8 -8 -8 -8 -8 -7 -7 --------- Run | Yrd Mat Mat Mat Gar Mat Sto Gar Fac Gar Machines Accessed 13 | . . . 3 2 . 5 1 1 1 Terminals 10 | . . . 2 2 . 4 1 . 1 Fabricators . | . . . . . . . . . . Repair Stations . | . . . . . . . . . . Recycling Units . | . . . . . . . . . . Scanalyzers . | . . . . . . . . . . Garrison Access 3 | . . . 1 . . 1 . 1 . Total Hacks 24 | . . . 5 6 . 8 2 1 2 Successful 11 | . . . 2 . . 6 1 1 1 Failed 13 | . . . 3 6 . 2 1 . 1 Catastrophic 2 | . . . . 2 . . . . . Database Lockouts . | . . . . . . . . . . Manual 2 | . . . 2 . . . . . . Terminals 19 | . . . 3 6 . 6 2 . 2 Fabricators . | . . . . . . . . . . Repair Stations . | . . . . . . . . . . Recycling Units . | . . . . . . . . . . Scanalyzers . | . . . . . . . . . . Garrison Access 5 | . . . 2 . . 2 . 1 . Terminal Hacks 8 | . . . 1 . . 5 1 . 1 Open Door 3 | . . . . . . 3 . . . Branch Access Points 1 | . . . 1 . . . . . . Emergency Access Points 1 | . . . . . . . 1 . . Alert Level 1 | . . . . . . 1 . . . Unreport Threat 1 | . . . . . . 1 . . . Garrison Registry 1 | . . . . . . . . . 1 Fabricator Hacks . | . . . . . . . . . . Repair Station Hacks . | . . . . . . . . . . Recycling Unit Hacks . | . . . . . . . . . . Scanalyzer . | . . . . . . . . . . Garrison Access Hacks 3 | . . . 1 . . 1 . 1 . Unlock Access 3 | . . . 1 . . 1 . 1 . Unauthorized Hacks . | . . . . . . . . . . Terminals . | . . . . . . . . . . Fabricators . | . . . . . . . . . . Repair Stations . | . . . . . . . . . . Recycling Units . | . . . . . . . . . . Scanalyzers . | . . . . . . . . . . Garrison Access . | . . . . . . . . . . Data Cores Recovered . | . . . . . . . . . . Used . | . . . . . . . . . . Hacking Detections 9 | . . . 2 2 . 3 1 . 1 Full Trace Events 1 | . . . . 1 . . . . . Feedback Events . | . . . . . . . . . . Feedback Blocked . | . . . . . . . . . . Robot Schematics Acquired . | . . . . . . . . . . Robots Built . | . . . . . . . . . . Authchips . | . . . . . . . . . . Time . | . . . . . . . . . . Total Robot Build Rating . | . . . . . . . . . . Part Schematics Acquired . | . . . . . . . . . . Parts Built . | . . . . . . . . . . Authchips . | . . . . . . . . . . Time . | . . . . . . . . . . Total Part Build Rating . | . . . . . . . . . . Parts Repaired . | . . . . . . . . . . Time . | . . . . . . . . . . Parts Recycled . | . . . . . . . . . . Recycled Matter . | . . . . . . . . . . Retrieved Matter . | . . . . . . . . . . Retrieved Components . | . . . . . . . . . . Parts Scanalyzed . | . . . . . . . . . . Part Schematics Acquired . | . . . . . . . . . . Parts Damaged . | . . . . . . . . . . Bothacking | -11 -10 -9 -8 -8 -8 -8 -8 -7 -7 ------------ Run | Yrd Mat Mat Mat Gar Mat Sto Gar Fac Gar Used RIF Installer . | . . . . . . . . . . Robots Hacked . | . . . . . . . . . . Non-combat . | . . . . . . . . . . Combat . | . . . . . . . . . . Robot Hacks Applied . | . . . . . . . . . . Relay Couplers Released 16 | . . . . 11 . . . . 5 Machine Destruction 16 | . . . . 11 . . . . 5 Fabnet Peak Effective % . | . . . . . . . . . . Robots Rewired 7 | . . . . 7 . . . . . Allies Hacked . | . . . . . . . . . . Hacks Repelled . | . . . . . . . . . . Allies | -11 -10 -9 -8 -8 -8 -8 -8 -7 -7 -------- Run | Yrd Mat Mat Mat Gar Mat Sto Gar Fac Gar Total Allies 7 | . . . . 7 . . . . . Largest Group 4 | . . . . 4 . . . . . Highest-Rated Group 72 | . . . . 72 . . . . . Highest-Rated Ally 18 | . . . . 18 . . . . . Initial Warlord ECA Mod 43 | . . . . . 9 9 9 8 8 Total Orders . | . . . . . . . . . . Ally Attacks 39 | . . . . 39 . . . . . Total Damage 582 | . . . . 582 . . . . . Kills 7 | . . . . 7 . . . . . Allies Corrupted . | . . . . . . . . . . Allies Melted . | . . . . . . . . . . Intel | -11 -10 -9 -8 -8 -8 -8 -8 -7 -7 ------- Run | Yrd Mat Mat Mat Gar Mat Sto Gar Fac Gar Active Infowar (turns) 668 | . . . 279 43 . . . 176 170 Optics 322 | . . . 279 43 . . . . . Seismic 211 | . . . . . . . . 176 35 Jamming 204 | . . . . . . . . 34 170 Robot Analysis Total . | . . . . . . . . . . Derelict Logs Recovered . | . . . . . . . . . . Drone Launches . | . . . . . . . . . . Drone Recoveries . | . . . . . . . . . . Exploration | -11 -10 -9 -8 -8 -8 -8 -8 -7 -7 ------------- Run | Yrd Mat Mat Mat Gar Mat Sto Gar Fac Gar Turns Passed 6288 | 66 384 431 1540 2294 98 420 244 217 594 Spaces Moved 2849 | 38 205 208 795 847 32 175 113 208 228 Core 129 | 4 . . . . . . 44 76 5 Treads 858 | 34 205 208 206 173 . . 31 . 1 Legs . | . . . . . . . . . . Wheels 1819 | . . . 589 674 32 175 38 132 179 Hover . | . . . . . . . . . . Flight 43 | . . . . . . . . . 43 Fastest Speed 29 | 50 160 160 125 215 215 195 50 50 29 Average Speed 172 | 148 160 160 151 220 215 210 155 84 149 Slowest Speed 355 | 160 160 160 240 243 215 215 240 105 355 Overloaded Moves . | . . . . . . . . . . Propulsion Burnouts . | . . . . . . . . . . Robots Hopped . | . . . . . . . . . . Potential Cave-ins . | . . . . . . . . . . Cave-ins Triggered . | . . . . . . . . . . Exploration Rate (%) 29 | 4 43 27 55 66 3 30 26 6 31 Regions Visited 9 Branch Regions 1 Pre-discovered Areas . | . . . . . . . . . . Known Exits Taken 4 | . . . 1 . 1 1 . 1 . Unknown Exits Taken 3 | 1 1 1 . . . . . . . Scrap Searched . | . . . . . . . . . . Spaces Dug 7 | . . . 3 2 . . . 2 . Terrain Destroyed 60 | . . 42 9 2 . 3 . 2 2 Melee 5 | . . . 3 2 . . . . . Projectile 4 | . . . . . . . . 2 2 AOE 51 | . . 42 6 . . 3 . . . Terrain Rammed . | . . . . . . . . . . Walls Destroyed . | . . . . . . . . . . Machines Disabled . | . . . . . . . . . . Actions | -11 -10 -9 -8 -8 -8 -8 -8 -7 -7 --------- Run | Yrd Mat Mat Mat Gar Mat Sto Gar Fac Gar Total 3617 | 45 229 254 995 1053 54 220 153 244 370 Wait 44 | . . . 2 3 . . . 20 19 Move 2841 | 37 204 207 794 845 31 175 112 208 228 Hop . | . . . . . . . . . . Pick Up 89 | 2 7 5 35 6 6 5 6 3 14 Fast Attach 54 | 6 1 2 16 2 2 11 . 4 10 Attach 34 | . . 2 4 6 . 2 7 4 9 Detach 7 | . 1 . 1 . . 1 . 1 3 Swap 51 | . . 3 11 22 3 4 3 1 4 Drop 68 | . . 2 27 3 8 16 10 1 1 Fire 317 | . 16 33 100 62 4 4 14 2 82 Melee 42 | . . . 5 35 . 2 . . . Ram . | . . . . . . . . . . Kick . | . . . . . . . . . . Crush 1 | . . . . . . . 1 . . Escape Stasis 12 | . . . . 12 . . . . . Rewire 57 | . . . . 57 . . . . . Trap . | . . . . . . . . . . Miscellaneous . | . . . . . . . . . . Route ------- -11/Scrapyard -10/Materials (discovered 2 exits: [*Mat] / [*Min]) -9/Materials -8/Materials (discovered 4 exits: *Fac x2 / Sto / Gar) -8/Garrison (discovered 2 exits: [*Mat x2]) -8/Materials -8/Storage -8/Garrison -7/Factory -7/Garrison (discovered 3 exits: [*Fac x3]) History --------- Turn | Location | Event 3 | -11/Scrapyard | Discovered new exit (range 15) 67 | -11/Scrapyard | Entered Materials 237 | -10/Materials | Discovered new exit (range 15) 309 | -10/Materials | Build established: Mutant 444 | -10/Materials | Discovered new exit (range 5) 451 | -10/Materials | Entered another Materials area 451 | -9/Materials | Evolved 2 slots: Propulsion x1, Utility x1 860 | -9/Materials | Discovered new exit (range 11) 882 | -9/Materials | Entered another Materials area 882 | -8/Materials | Evolved 2 slots: Propulsion x1, Utility x1 1135 | -8/Materials | Identified exit to Storage 1377 | -8/Materials | Build established: Scavenger-Mutant 1937 | -8/Materials | Lost 3 parts (1p1n1u) 1990 | -8/Materials | Discovered new exit (range 3) 2227 | -8/Materials | Garrison activated, responded to threat 2332 | -8/Materials | Discovered new exit (range 20) 2420 | -8/Materials | Identified exit to Garrison 2422 | -8/Materials | Entered Garrison 2444 | -8/Garrison | Triggered checkpoint 2698 | -8/Garrison | Triggered checkpoint 3086 | -8/Garrison | Triggered checkpoint 3122 | -8/Garrison | Triggered checkpoint 3188 | -8/Garrison | Garrison Relay disabled 3280 | -8/Garrison | Triggered checkpoint 3567 | -8/Garrison | Discovered new exit (range 8) 3630 | -8/Garrison | Triggered checkpoint 3643 | -8/Garrison | Core integrity fell below 50% 3748 | -8/Garrison | Triggered checkpoint 3777 | -8/Garrison | Garrison Relay disabled 3805 | -8/Garrison | Lost 3 allies 4040 | -8/Garrison | Discovered new exit (range 15) 4126 | -8/Garrison | Triggered checkpoint 4396 | -8/Garrison | Garrison Relay disabled 4501 | -8/Garrison | Spotted B-75 Beast 4501 | -8/Garrison | Spotted B-75 Beast 4570 | -8/Garrison | Attempted to access garrison exit controls, blocked by remote lockdown 4716 | -8/Garrison | Entered Materials 4719 | -8/Materials | Discovered exit to Storage (range 14) 4814 | -8/Materials | Entered Storage 5214 | -8/Storage | System corruption reached 10% 5234 | -8/Storage | Identified exit to Garrison 5234 | -8/Storage | Entered Garrison 5422 | -8/Garrison | Triggered checkpoint 5445 | -8/Garrison | Core integrity fell below 20% 5445 | -8/Garrison | Triggered checkpoint 5474 | -8/Garrison | Discovered new exit (range 10) 5478 | -8/Garrison | Entered Factory 5478 | -7/Factory | Evolved 2 slots: Propulsion x1, Utility x1 5490 | -7/Factory | Lost 5 parts (3n1u1w) 5695 | -7/Factory | Identified exit to Garrison 5695 | -7/Factory | Entered Garrison 5787 | -7/Garrison | Triggered checkpoint 5790 | -7/Garrison | Lost 5 parts (3n1u1w) 5857 | -7/Garrison | Discovered new exit (range 49) 5857 | -7/Garrison | Discovered new exit (range 33) 5857 | -7/Garrison | Discovered new exit (range 53) 5973 | -7/Garrison | Triggered checkpoint 6109 | -7/Garrison | Triggered checkpoint 6198 | -7/Garrison | Garrison Relay disabled 6230 | -7/Garrison | Core integrity fell below 50% 6233 | -7/Garrison | Spotted B-75 Beast 6288 | -7/Garrison | Core integrity fell below 20% 6290 | -7/Garrison | Core destroyed Last Messages --------------- 06211_ Y-54 Guardian destroyed. 06215_ Acquired Lgt. Treads. 06222_ W-25 Informer destroyed. 06225_ W-25 Informer sends out distress signal. 06231_ Unknown Device melted. 06231_ X-67 Chaingunner destroyed. 06233_ VTOL Module destroyed. 06254_ Autogun destroyed. 06257_ Lgt. Treads destroyed. 06257_ Knocked back. 06261_ Arm. Wheel destroyed. 06264_ Cld. Plasma Cannon destroyed. 06267_ Imp. Targeting Computer destroyed. 06267_ Hvy. Phase Cannon blasted off. 06267_ Knocked back. 06273_ Hvy. Phase Cannon destroyed. 06276_ Imp. Heat Sink destroyed. 06284_ Critical hit (Meltdown: +310). 06286_ Power failure, Mic. Nuclear Core shutdown. 06290_ Overheating: Core damaged (-119). Map ----- +----------------------------------------------------+ | ??????????##############????????# | | ????????????????????????????????########### | | ????????????????????????????????????????### | | ????????????????????????????????????????# | | ????????????????????????????????????????#=[ | | ?????????????????????????????????????####=% | | ?????????????????????????????????????# "%* | | ?????????????????????????????????????# #### | | ??????????????????????????########???# #??# | | ??????????????????????????# ## ##### #### | | ??????????????????????????# + | | ????#######???????????????###### ##### #### | | ????#""## ###??????????????????# #???# #??## | | ????#"^ ##?????????????????# #???# #???# | | ????#"= #+# #?#######?????????# ##??# #???# | | ????#"! # # #?#"!"""#?????????# #??# ##### | | ????#"[ # # ####!!!############+###?# + | | ????#"! # # +%=!*!%= ==%[= #?# ##### | | ????#"^ #+# #####[;;#####![!##### #?# #???# | | ????#"[ ##??##!;#????#%*%#???# #?# #???# | | ????#""## ###???#; ;#????##++#???# #?# #???# | | ????#######?????#; ;##?#### ##### ###"##### | | ???????????????###BB;#?# + + ^ | | ???????????????# BBY#?# + + ^ | | ???????????????# % ] #?#### ### ####"##### | | ???????????????##%%@##????# #?# #??# #???? | | ????????????????##%##?????# #?# #??# #???? | | ????????????????##%##?????# ### #### #???? | | ????????????????# #?????# + " #???? | | ????????????????#" "#?????# ### ######???? | | ????????????????#" "#?????# #?# #????????? | | ????????????????#" "#?????# ### ##???????? | | ????????????????#" "#?????# ## #???????? | | ????????????????#####?????# ## #???????? | | ??????????????????????????# ## < #???????? | | ??????????????????????????# ## #???????? | | ??????????????????????????# ## #???????? | | ??????????????????????????# ########???????? | | ??????????????????????????# ###????????????? | | ??????????????????????????# T#????????????? | | ????????????????????????###""##????????????? | | ????????????????????????# #????????????? | | ????????????????????????# #????????????? | | ????????????????????????# #????????????? | | ????????????????????????#######????????????? | | ???????????????????????????????????????????? | | ???????????????????????????????????????????? | | ???????????????????????????????????????????? | | ???????????????????????????????????????????? | | ???????????????????????????????????????????? | +----------------------------------------------------+ Best States ------------- Heat Dissipation 73 Energy Generation 15 Energy Capacity 280 Matter Stores 300 Matter Capacity 300 Sight Range 20 Terrain Scan Density 10 Jamming Range 12 Armor Coverage 300 Core Shielding 20 Evasion (%) 50 Targeting Accuracy 8 Launcher Accuracy 20 Recoil Reduction 4 Offensive Hacking 10 Item Schematics ----------------- None Robot Schematics ------------------ None Fabricated ------------ Nothing Repaired ---------- Nothing Alien Tech Used ----------------- None Achievements -------------- None Challenges ------------ None Game ------ Seed RestorationLayeredBeam Manual? 0 Play Time 00:44:03 Cumulative 357.5 hours Start 2025.07.28 @ 18:35:36 End 2025.07.28 @ 19:17:54 Sessions 1 Manual Loads 0 Difficulty Rogue Special Mode None Game No. 340 Rogue 304 Adventurer 36 Explorer 0 Win Type - Total 14 Types 6/0/8/0/0/0/0/0/0/0 Lore% 71 Gallery% 84 Achievement% 75 Wizard Run 0 Options --------- Layout 0 ASCII 0 Keyboard 0 Movement Mouse Keybinds 0 Fullscreen 1 Font 18/SmallcapsGlow Map View 76x50 Zoom Use 0% Tactical HUD 1 Map Filters NONE Filters SHIFT_HUE(315) Steam 1 RUN: e9f8f02f-49ba-493c-bab9-21f7ce7c1857